 Dungeon Sprint DCSS version 0.24-a0-581-gc0fa660 (webtiles) character file.

Game seed: 10261595424527344654

170 Faca the Cleaver (level 5, 0/49 HPs)
             Began as a Formicid Fighter on Aug 22, 2019.
             Was a Believer of Makhleb.
             Slain by a merfolk
             ... wielding a +0 trident
              (6 damage)
             ... in the Dungeon (Sprint V: "Ziggurat Sprint").
             The game lasted 00:01:49 (289 turns).

Faca the Cleaver (Formicid Fighter)                  Turns: 289, Time: 00:01:50

Health: 0/49       AC: 16    Str: 33    XL:     5   Next: 80%
Magic:  5/5        EV:  7    Int:  8    God:    Makhleb [**....]
Gold:   0          SH: 13    Dex: 10    Spells: 4/4 levels left

rFire    + . .     SeeInvis +   J - +2 war axe (chop)
rCold    + + .     Gourm    .   y - +3 shield
rNeg     . . .     Faith    .   A - +5 storm dragon scales
rPois    .         Spirit   .   (helmet unavailable)
rElec    +         Reflect  .   (no cloak)
rCorr    .         Harm     .   (no gloves)
MR       .....                  (no boots)
Stlth    ..........             (no amulet)
HPRegen  0.16/turn              H - +6 ring of strength
MPRegen  0.09/turn              K - ring of Understanding {rF+ rC++ Str+6}

@: studying Shields
A: permanent stasis, dig shafts and tunnels, four strong arms, antennae 3
a: Dig, Minor Destruction, Renounce Religion


You were in the Dungeon.
You worshipped Makhleb.
Makhleb was pleased with you.
You were not hungry.

You visited 1 branch

Inventory:

Hand Weapons
 v - a +5 battleaxe
 w - a +5 broad axe
 x - a +5 executioner's axe
 J - a +2 war axe of chopping (weapon)
Armour
 a - a +3 large shield
 y - a +3 shield (worn)
 z - +5 gold dragon scales
 A - +5 storm dragon scales (worn)
Jewellery
 C - an uncursed ring of flight
 D - a +6 ring of dexterity
 E - a +6 ring of dexterity
 F - a +6 ring of intelligence
 G - a +6 ring of intelligence
 H - a +6 ring of strength (left hand)
 I - a +6 ring of strength
 K - the ring of Understanding (right hand) {rF+ rC++ Str+6}
   (You found it in the Dungeon)

   [ring of protection from fire]

   It affects your strength (+6).
   It protects you from fire.
   It greatly protects you from cold.
Wands
 b - a wand of disintegration (7)
 c - a wand of iceblast (7)
 B - a wand of acid (7)
Scrolls
 k - 4 scrolls of blinking
 o - 4 scrolls of amnesia
 q - 7 scrolls of fog
 r - a scroll of holy word
 s - 5 scrolls of identify
 t - 5 scrolls of remove curse
 u - 2 scrolls of fear
Potions
 d - 6 potions of might
 e - 10 potions of curing
 g - 9 potions of heal wounds
 h - 6 potions of haste
 i - 7 potions of magic
 j - 3 potions of berserk rage
 l - 2 potions of brilliance
 m - 2 potions of invisibility
 n - 4 potions of resistance
 p - 5 potions of agility
Books
 L - a manual of Shields
Comestibles
 f - 7 rations


   Skills:
 + Level 7.8 Fighting
 + Level 10.0 Axes
 - Level 3.2 Armour
 - Level 3.6 Shields


You had 4 spell levels left.
You didn't know any spells.
Your spell library was empty.

Dungeon Overview and Level Annotations

Branches:
Dungeon (1/1)

Altars:
Ashenzari
Cheibriados
Dithmenos
Elyvilon
Fedhas
Gozag
Hepliaklqana
Kikubaaqudgha
Makhleb
Nemelex Xobeh
Okawaru
Qazlal
Ru
Sif Muna
Trog
Uskayaw
Vehumet
Wu Jian
Xom
Yredelemnul
Zin
The Shining One
Beogh
Jiyva
Lugonu

Annotations:
D 1 transporter


Innate Abilities, Weirdness & Mutations

You cannot be hasted, slowed, berserked, paralysed or teleported.
You can dig through walls and to a lower floor.
Your four strong arms can wield two-handed weapons with a shield.
You have a pair of large antennae on your head. (SInv)


Message History

The merfolk is heavily wounded.
You closely miss the merfolk.
The merfolk hits you but does no damage.
You block the merfolk's attack.
The merfolk hits you but does no damage.
The merfolk hits you with a +0 trident!
You closely miss the merfolk.
The merfolk is heavily wounded.
You hit the merfolk.
The merfolk hits you but does no damage. x2
You block the merfolk's attack.
The merfolk hits you but does no damage.
You slash the merfolk!
The merfolk is severely wounded.
You closely miss the merfolk. You block the merfolk's attack.
The merfolk hits you but does no damage.
The merfolk hits you from afar with a +0 trident!
* * * LOW HITPOINT WARNING * * *
The merfolk hits you with a +0 trident.
You die...

▓.....▓.....▓.....▓
▓.....▓.....▓..©..▓
▓..©..▓..©..▓▓▓▓▓▓▓
▓▓▓▓▓▓▓▓▓▓▓▓▓▓
▓..8©8...▓
▓..}==...▓ {{{
▓...mm...▓ { {
▓..mm....▓
▓...@....▓
▓........▓
▓...©....▓
▓▓▓▓▓▓▓▓▓▓


{{{{ {{{ You could see 4 merfolk.

Vanquished Creatures
  A hell hound (D)
  An orc priest (D)
  A shadow imp (D)
  2 ufetubi (D)
  3 orcs (D)
  A bat skeleton (D)
9 creatures vanquished.

Vanquished Creatures (others)
  A spatial maelstrom (D)
1 creature vanquished.

Grand Total: 10 creatures vanquished

Notes
Turn   | Place    | Note
-------+----------+-------------------------------------------
     0 | D        | Faca the Formicid Fighter began the quest for the Orb.
     0 | D        | Reached XP level 1. HP: 18/18 MP: 1/1
     0 | D        | Found a shimmering blue altar of Sif Muna.
     0 | D        | Found a sacrificial altar of Ru.
     0 | D        | Found a bloodstained altar of Trog.
     0 | D        | Found a stormy altar of Qazlal.
     0 | D        | Found an iron altar of Okawaru.
     0 | D        | Found a sparkling altar of Nemelex Xobeh.
     0 | D        | Found a blossoming altar of Fedhas.
     1 | D        | Found the +6 Majin-Bo {vamp, Archmagi MP+6 Int+6}
     1 | D        | Found the +7 great mace "Firestarter" {inner flame, rF++}
     2 | D        | Reached skill level 7 in Axes
     2 | D        | Reached XP level 2. HP: 24/24 MP: 2/2
     2 | D        | Banished a spatial maelstrom
     3 | D        | Found a transporter.
     3 | D        | Found an ancient bone altar of Kikubaaqudgha.
     3 | D        | Found a viscous altar of Jiyva.
     3 | D        | Found a corrupted altar of Lugonu.
     3 | D        | Found a hazy altar of Hepliaklqana.
     3 | D        | Found a burning altar of Makhleb.
     3 | D        | Found an opulent altar of Gozag.
    56 | D        | Became a worshipper of Makhleb the Destroyer
    61 | D        | Found the +6 shillelagh "Devastator" {shatter}
    61 | D        | Found the +11 plutonium sword {*Contam Stlth-}
    61 | D        | Found the +8 lance "Wyrmbane" {slay drac, rPois rF+ rC+
                  | AC+3}
    61 | D        | Found the +9 sword of Zonguldrok {reap}
    61 | D        | Found the cursed +13 scythe of Curses {drain, *Curse}
    61 | D        | Found the +0 sword of Power
    61 | D        | Found the +7 mace of Variability {chain chaos}
    61 | D        | Found the +7 Singing Sword {slice, sonic wave}
    61 | D        | Found the +8 storm bow {elec, penet}
    62 | D        | Found the +9 heavy crossbow "Sniper" {velocity, Acc+∞ SInv}
    62 | D        | Found the +10 dark maul {crush}
    62 | D        | Found the +15 Maxwell's patent armour {-Cast -Tele rElec
                  | MR+ rCorr}
    62 | D        | Found the +18 shield of the Gong {rElec rN+ MR+ EV-5}
    62 | D        | Found the cursed +14 obsidian axe {chop, +Fly SInv *Curse}
    65 | D        | Entered arena 2.
    65 | D        | Found a transporter.
    80 | D        | Reached skill level 8 in Axes
    91 | D        | Entered arena 3.
    91 | D        | Noticed a hell hound
    91 | D        | Found a transporter.
    93 | D        | Reached * piety under Makhleb
    93 | D        | Reached XP level 3. HP: 29/30 MP: 3/3
   100 | D        | Killed a hell hound
   100 | D        | Reached skill level 9 in Axes
   100 | D        | Reached XP level 4. HP: 36/43 MP: 4/4
   100 | D        | Reached XP level 5. HP: 40/48 MP: 5/5
   153 | D        | Entered arena 4.
   153 | D        | Found a transporter.
   156 | D        | Reached ** piety under Makhleb
   159 | D        | Reached skill level 10 in Axes
   162 | D        | Got the ring of Understanding {rF+ rC++ Str+6}
   284 | D        | Entered arena 5.
   284 | D        | Noticed a merfolk
   284 | D        | Noticed a merfolk
   284 | D        | Noticed a merfolk
   284 | D        | Noticed a merfolk
   284 | D        | Found a transporter.
   289 | D        | Slain by a merfolk

Levels and vault maps discovered:
D:        sprint_v [room_start, room_1, room_2, room_3, room_4, room_5, room_6,
          room_7, room_8, room_9, room_10, room_11, room_12, room_13, room_14,
          room_15, room_16, room_17, room_18, room_19, room_20, room_21,
          room_22, room_23, room_24, room_25, room_26, room_27]

Skill      XL: |  1  2  3  4  5 |
---------------+----------------+-----
Axes           | 7 8 9 10 | 10.0
Fighting       | 7 |  7.8
Armour         | |  3.2
Shields        | |  3.6

Action                   |  1- 3 |  4- 6 || total
-------------------------+-------+-------++-------
Melee: Broad axe         |    14 |       ||    14
       War axe           |     7 |     7 ||    14
  Use: Potion            |     2 |       ||     2
Armor: Storm dragon scal |    23 |     8 ||    31
Dodge: Dodged            |    15 |     2 ||    17
Block: Shield            |    37 |     9 ||    46

Table legend:
 A = Non-vault XP
 B = Vault XP
 C = Vault XP percentage of total XP
 D = Non-vault monster count
 E = Vault monster count
 F = Vault count percentage of total count
                 A         B        C        D         E       F
            +---------+---------+-------+---------+---------+-------
      Total |       0 |     235 | 100.0 |       0 |       9 | 100.0
            +---------+---------+-------+---------+---------+-------
          D |       0 |     235 | 100.0 |       0 |       9 | 100.0
            +---------+---------+-------+---------+---------+-------
